 Dungeon Crawl Stone Soup version 0.31-a0-18-gea43df2a32 (webtiles) character file.

Game seed: 15170796912643007439

559775 KimchiStew the Impregnable (level 26, -5/139 HPs)
             Began as a Gargoyle Hunter on May 11, 2023.
             Was an Elder of Cheibriados.
             Killed from afar by an ancient lich (63 damage)
             ... with a crystal spear
             ... on level 5 of the Realm of Zot.
             The game lasted 01:47:03 (55863 turns).

KimchiStew the Impregnable (Gargoyle Hunter)       Turns: 55863, Time: 01:47:04

Health: -5/139     AC: 58    Str: 19      XL:     26   Next: 60%
Magic:  33/37      EV: 14    Int: 26      God:    Cheibriados [****..]
Gold:   3944       SH:  0    Dex: 24 (25) Spells: 24/45 levels left

rFire   + + .        w - +9 longbow (freeze)
rCold   + . .        (shield currently unavailable)
rNeg    + . .        l - +8 plate armour of Painted Knowledge {Regen+ Int+2 Dex-3}
rPois   ∞            j - +2 hat {Stlth+}
rElec   +            F - +1 cloak of Starlight {*Dazzle EV+4 Stlth--}
rCorr   +            h - +0 pair of gloves "Xull" {rF++ rC+ Str-5}
SInv    +            g - +0 pair of boots of the Hanged Man {Regen+}
Will    ++...        c - amulet of Vitality {RegenMP++ Regen++} Stlth
                     a - ring "Urussaff" {+Blink rCorr Int+3 SInv}
HPRegen 3.63/turn    Y - ring of willpower
MPRegen 1.05/turn

%: no passive effects
@: flying, unable to read, very slow
A: sickness immunity, AC +20, big wings, negative energy resistance 1,
electricity resistance, torment resistance 1, petrification resistance, clumsy
1, deterioration 1, dopey 1, frail 2, subdued magic 1, inability to read after
injury 1, sturdy frame 1, devolution 2
}: 3/15 runes: barnacled, abyssal, gossamer
a: Renounce Religion, Evoke Blink, Bend Time, Temporal Distortion, Slouch


You were on level 5 of the Realm of Zot.
You worshipped Cheibriados.
Cheibriados was greatly pleased with you.
You visited 11 branches of the dungeon, and saw 48 of its levels.
You visited the Abyss 1 time.
You visited 1 bazaar.
You also visited: Trove, Bailey and Gauntlet.

You collected 6402 gold pieces.
You spent 2458 gold pieces at shops.

Inventory:

Hand Weapons
 n - a +9 longbow
 w - a +9 longbow of freezing (weapon)
Missiles
 D - 3 throwing nets
 L - 5 curare-tipped darts
Armour
 g - the +0 pair of boots of the Hanged Man (worn) {Regen+}
   (You found it on level 4 of the Spider Nest)

   Regen:     It increases your rate of health regeneration.
 h - the +0 pair of gloves "Xull" (worn) {rF++ rC+ Str-5}
   (You bought it in a shop on level 1 of the Depths)

   Str:       It affects your strength (-5).
   rF:        It greatly protects you from fire.
   rC:        It protects you from cold.
 j - a +2 hat of stealth (worn)
 l - the +8 plate armour of Painted Knowledge (worn) {Regen+ Int+2 Dex-3}
   (You found it in a treasure trove)

   Int:       It affects your intelligence (+2).
   Dex:       It affects your dexterity (-3).
   Regen:     It increases your rate of health regeneration.
 r - the +1 steam dragon scales of Action {rF+++ Str-2 Stlth+}
   (You found it on level 4 of the Depths)

   Str:       It affects your strength (-2).
   rF:        It renders you almost immune to fire.
   Stlth:     It makes you more stealthy.
 F - the +1 cloak of Starlight (worn) {*Dazzle EV+4 Stlth--}
   (You found it on level 3 of the Depths)

   *Dazzle:   It may blind those who miss an attack against the wearer in melee
   combat.
   EV:        It affects your evasion (+4).
   Stlth:     It makes you much less stealthy.
Jewellery
 a - the ring "Urussaff" (left hand) {+Blink rCorr Int+3 SInv}
   (You bought it in a shop in a bazaar)

   [ring of resist corrosion]

   Int:       It affects your intelligence (+3).
   SInv:      It lets you see invisible.
   +Blink:    It lets you blink.
   rCorr:     It protects you from acid and corrosion.
 c - the amulet of Vitality (around neck) {RegenMP++ Regen++}
   (You found it in a treasure trove)

   [amulet of magic regeneration]

   It increases your rate of magic regeneration.
   Regen:     It increases your rate of health regeneration.
 q - the ring "Cuqih" {MP+9 Slay+4}
   (You acquired it on level 1 of the Dungeon)

   [ring of magical power]

   Slay:      It affects your accuracy & damage with ranged weapons and melee
   (+4).
   MP:        It affects your magic capacity (+9).
 I - an amulet of guardian spirit
 W - a ring of protection from cold
 Y - a ring of willpower (right hand)
Wands
 e - a wand of digging (10)
 t - a wand of flame (85)
 u - a wand of iceblast (48)
 B - a wand of mindburst (11)
 O - a wand of paralysis (52) (quivered)
Scrolls
 b - a scroll of magic mapping
 f - 15 scrolls of teleportation
 k - 6 scrolls of silence
 o - 8 scrolls of fog
 x - 6 scrolls of blinking
 y - 7 scrolls of poison
 A - 2 scrolls of torment
 K - 12 scrolls of fear
 M - 2 scrolls of immolation
 V - 5 scrolls of vulnerability
Potions
 i - 7 potions of mutation
 m - 12 potions of attraction
 p - 9 potions of lignification
 z - 2 potions of cancellation
 C - 10 potions of brilliance
 E - 22 potions of curing
 G - 3 potions of berserk rage
 H - 5 potions of resistance
 N - 4 potions of might
 P - 6 potions of ambrosia
 R - 7 potions of heal wounds
Miscellaneous
 Q - a phantom mirror
 S - a lightning rod (4/4)
 T - a phial of floods
 Z - a condenser vane (inert)


   Skills:
 - Level 20.0 Fighting
 - Level 20.1 Ranged Weapons
 * Level 24.0 Armour
 - Level 3.0 Dodging
 - Level 3.0 Stealth
 - Level 14.8 Shields
 - Level 10.0 Spellcasting
 - Level 6.0 Conjurations
 - Level 10.0 Hexes
 - Level 10.0 Necromancy
 - Level 6.0 Translocations
 - Level 8.0 Transmutations
 - Level 12.0 Earth Magic
 - Level 15.0 Invocations
 - Level 14.0 Evocations


You had 24 spell levels left.
You knew the following spells:

 Your Spells              Type           Power      Damage    Failure   Level
a - Borgnjor's Vile Clut  Necr/Erth      26%        N/A       4%          5
b - Dazzling Flash        Conj/Hex       84%        N/A       1%          3
c - Portal Projectile     Hex/Tloc       84%        N/A       1%          3
d - Yara's Violent Unrav  Hex/Tmut       23%        3d10      11%         5
e - Blink                 Tloc           68%        N/A       1%          2
f - Inner Flame           Hex/Fire       30%        N/A       5%          3

Your spell library contained the following spells:

 Spells                   Type           Power      Damage    Failure   Level
 Apportation              Tloc           68%        N/A       1%          1
 Slow                     Hex            100%       N/A       1%          1
 Lesser Beckoning         Tloc           68%        N/A       1%          2
 Momentum Strike          Conj/Tloc      68%        3d9       1%          2
 Passwall                 Tmut/Erth      41%        N/A       1%          2
 Tukima's Dance           Hex            50%        N/A       1%          3
 Leda's Liquefaction      Hex/Erth       26%        N/A       1%          4
 Ensorcelled Hibernation  Hex/Ice        60%        N/A       2%          2
 Anguish                  Hex/Necr       25%        N/A       2%          4
 Animate Dead             Necr           50%        N/A       2%          4
 Cause Fear               Hex            25%        N/A       2%          4
 Petrify                  Tmut/Erth      50%        N/A       2%          4
 Lee's Rapid Deconstruct  Erth           27%        3d15*     2%          5
 Gell's Gravitas          Tloc           34%        N/A       3%          3
 Teleport Other           Tloc           34%        N/A       3%          3
 Shock                    Conj/Air       88%        1d8       4%          1
 Summon Guardian Golem    Hex/Summ       30%        N/A       5%          3
 Spider Form              Tmut/Pois      26%        N/A       9%          3
 Hailstorm                Conj/Ice       22%        3d7       13%         3
 Volatile Blastmotes      Fire/Tloc      44%        2d13      13%         3
 Iskenderun's Mystic Bla  Conj/Tloc      34%        2d8       13%         4
 Passage of Golubria      Tloc           34%        N/A       13%         4
 Summon Small Mammal      Summ           40%        N/A       16%         1
 Ignite Poison            Fire/Tmut/Pois 20%        N/A       16%         3
 Mephitic Cloud           Conj/Pois/Air  18%        N/A       21%         3
 Call Imp                 Summ           20%        N/A       24%         2
 Poisonous Vapours        Pois/Air       20%        N/A       24%         2
 Irradiate                Conj/Tmut      19%        3d18      24%         5
 Ice Form                 Ice/Tmut       26%        N/A       30%         4
 Death Channel            Necr           25%        N/A       38%         6
 Call Canine Familiar     Summ           10%        N/A       45%         3
 Swiftness                Air            10%        N/A       45%         3
 Silence                  Hex/Air        15%        N/A       50%         5
 Summon Mana Viper        Hex/Summ       30%        N/A       50%         5
 Airstrike                Air            5%         2d(1-17)  86%         4
 Summon Lightning Spire   Summ/Air       10%        N/A       86%         4
 Freezing Cloud           Conj/Ice/Air   9%         6-21      90%         5
 Dispersal                Tloc           17%        N/A       92%         6
 Enfeeble                 Hex            25%        N/A       93%         7
 Simulacrum               Ice/Necr       15%        N/A       98%         6
 Conjure Ball Lightning   Conj/Air       11%        3x3d6     100%        6
 Starburst                Conj/Fire      11%        6d5       100%        6
 Storm Form               Tmut/Air       13%        N/A       100%        7
 Discord                  Hex            25%        N/A       100%        8
 Disjunction              Tloc           17%        N/A       100%        8
 Maxwell's Capacitive Co  Air            5%         ∞         100%        8
 Shatter                  Erth           27%        3d23*     100%        9
 Sublimation of Blood     Necr           Unusable   N/A       N/A         2
 Cigotuvi's Dreadful Rot  Necr/Pois/Air  Unusable   N/A       N/A         2
 Statue Form              Tmut/Erth      Unusable   N/A       N/A         6

Dungeon Overview and Level Annotations

Branches:
Dungeon (15/15)            Temple (1/1) D:5            Lair (5/5) D:8
 Shoals (4/4) Lair:3       Spider (4/4) Lair:3        Slime (1/5) Lair:5
    Orc (2/2) D:9             Elf (3/3) Orc:2        Vaults (4/5) D:14
  Crypt (0/3) Vaults:3     Depths (4/4) D:15            Zot (5/5) Depths:4
 Bailey (visited)         Gauntlet (visited)

Altars:
Ashenzari
Cheibriados
Dithmenos
Elyvilon
Fedhas
Gozag
Hepliaklqana
Kikubaaqudgha
Makhleb
Nemelex Xobeh
Okawaru
Qazlal
Ru
Sif Muna
Trog
Uskayaw
Vehumet
Wu Jian
Xom
Yredelemnul
Zin
The Shining One
Jiyva

Shops:
D:1 [   D:2 [   D:4 !   D:15 [   Orc:2 [::?(   Elf:2 [[   Elf:3 (   Vaults:1 ?
Depths:1 [=

Portals:
Hell: Depths:1 Depths:2 Depths:3 Depths:4
Abyss: Depths:3
Pandemonium: Depths:2
Ziggurat: Depths:2

Annotations:
D:6 2 transporters, ThereIsNoGod's ghost, novice OpFi
D:14 3 runed translucent doors
Elf:1 3 runed translucent doors, Qax Ubo's ghost, adept DsEn
Elf:2 5 runed translucent doors
Elf:3 2 exclusions
Vaults:3 1 runed translucent door, Inony's ghost, master FoHu
Depths:3 exclusions: daeva and door
Depths:4 3 runed translucent doors, Ruem's ghost, journeyman MiBe


Innate Abilities, Weirdness & Mutations

You are immune to sickness and miasma.
Your stone body is resilient. (AC +20)
You are immune to poison.
Your large and strong wings let you fly.
You resist negative energy. (rN+)
You are resistant to electric shocks. (rElec)
You are resistant to unholy torment.
You are immune to petrification.
You are clumsy. (Dex -2)
Your body sometimes deteriorates upon taking damage.
You are dopey. (Int -2)
You are very frail. (-20% HP)
Your spells are a little easier to cast, but a little less powerful.
You occasionally lose the ability to read scrolls when taking damage.
Your movements are slightly less encumbered by armour. (ER -2)
You have terrible hidden genetic defects.


Message History

You shoot an arrow.
The arrow barely misses the ancient lich.
The ancient lich touches you but does no damage.
You shoot an arrow. The arrow hits the ancient lich!!
The arrow freezes the ancient lich.
The ancient lich is moderately damaged.
The ancient lich gestures at you while chanting.
The bolt of acid hits you! You resist.
Your body deteriorates!
You feel clumsy. The ancient lich misses you.
You take 13 damage, and have 76/139 hp.
You shoot an arrow.
The arrow closely misses the ancient lich.
The ancient lich touches you but does no damage.
You shoot an arrow. The arrow hits the ancient lich!
The ancient lich is heavily damaged.
The ancient lich misses you.
You shoot an arrow.
The arrow hits the ancient lich but does no damage.
The ancient lich is moderately damaged.
The ancient lich barely misses you.
The ancient lich gestures at you while chanting.
The crystal spear hits you!!
You take 27 damage, and have 55/139 hp.
You are too injured to fight recklessly!
You shoot an arrow. The arrow hits the ancient lich.
The ancient lich is heavily damaged.
The ancient lich touches you but does no damage.
Casting: Borgnjor's Vile Clutch (dangerous; 4% risk of failure)
Confirm with . or Enter, or press ? or * to list all spells.
Aiming: Borgnjor's Vile Clutch (dangerous; 4% risk of failure)
Press: ? - help, Shift-Dir - straight line, f/p - ancient lich
Aim: an ancient lich (heavily damaged, fast, slightly transparent, 100% to hit)
Zombie hands grab the ancient lich.
The zombie hands constrict the ancient lich!
The ancient lich touches you. The ancient lich casts a spell at you.
The crystal spear hits you!!!
You feel threatened and lose the ability to read scrolls!
You die...

******* *** ...^..▓▓▓▓ ****,,
.........▓▓▓ ***^,,,,
...........▓▓ **,,,,,,,
............▓ ▓▓▓▓▓▓▓▓▓ *,,,,,,,,
............▓▓▓.......▓▓*,,,,,,,,
............▓▓^........▓▓,,,,,,,,
............▓........^..▓,,,,,,,,
.............^..@.0....^.,,,,,,,,
............▓....L......▓,,,,,,,,
............▓▓.........▓▓,,^,,,,,
............▓▓▓.......▓▓*,,,,,,,,
............# ▓▓▓▓▓▓▓▓▓ *,,,,,,,^
...........## **,,,,,,,
.^.......▓## ***,,,,, .^...^▓▓▓▓
****,, ▓▓▓▓▓▓▓▓▓▓# #▓▓▓▓▓▓


You could see an ancient lich (fast, invisible, clutched).

Vanquished Creatures
  3 dread liches
  5 orbs of fire (Zot:5)
  Mennas (Vaults:4)
  An ancient lich (Zot:5)
  2 juggernauts (Depths:4)
  Saint Roka (Vaults:1)
  3 Killer Klowns (Zot:5)
  3 curse toes (Zot:3)
  Xtahua (Vaults:4)
  5 golden dragons
  Nikola (Shoals:1)
  A hellephant (Abyss:2)
  An electric golem (Zot:5)
  3 bone dragons
  An iron giant (Depths:2)
  A walking earthen tome (Depths:4)
  8 tentacled monstrosities
  Jorgrun (Shoals:3)
  24 Orb Guardians (Zot:5)
  2 deep elf master archers (Elf:3)
  Asterion (Vaults:3)
  4 deep elf blademasters
  3 liches
  3 quicksilver dragons
  An acid blob (Slime:1)
  The ghost of funkygono the Executioner, an adept MiFi of Okawaru (Spider:3)
  2 Executioners (Abyss:2)
  11 tentacled starspawn
  10 sphinxes
  3 death cobs (Zot:4)
  Gastronok (Lair:2)
  2 tengu reavers
  3 shadow dragons
  Polyphemus (Shoals:2)
  5 draconian monks
  2 daevas (Depths:3)
  4 storm dragons (Zot:4)
  Ilsuiw (Shoals:2)
  Donald (Shoals:1)
  4 deep elf sorcerers
  4 draconian knights
  7 frost giants
  7 fire giants
  A draconian scorcher (Zot:5)
  Aizul (Shoals:2)
  15 emperor scorpions
  Louise (Spider:1)
  4 vault wardens
  2 balrugs
  A deep elf elementalist (Elf:3)
  16 ironbound preservers
  A draconian annihilator (Zot:4)
  5 angels
  4 ghost moths
  2 draconian shifters (Zot:5)
  2 orc warlords
  2 broodmothers (Spider:4)
  A spriggan defender (Depths:4)
  A reaper (Abyss:2)
  2 cacodemons
  10 stone giants
  38 very ugly things
  A quicksilver ooze (shapeshifter) (Depths:4)
  3 vampire knights
  Nessos (D:12)
  2 white draconians
  17 dire elephants
  5 ironbound thunderhulks
  7 deep elf demonologists
  3 green draconians
  6 black draconians
  9 spark wasps
  4 purple draconians
  5 red draconians
  5 deep elf annihilators (Elf:3)
  5 yellow draconians
  A minotaur (Gauntlet)
  A lorocyproca (Abyss:2)
  A crystal guardian (Vaults:4)
  21 ettins
  A green death (Abyss:2)
  3 fire dragons
  4 deep elf death magi
  8 merfolk javelineers
  9 great orbs of eyes
  5 merfolk impalers
  15 yaktaur captains
  3 deep elf high priests
  A peacekeeper (Vaults:4)
  7 ice dragons
  14 hydras
  13 entropy weavers
  Harold (Lair:2)
  3 spriggan air magi
  A caustic shrike simulacrum (Depths:2)
  3 radroaches (Spider:2)
  An alligator snapping turtle (Shoals:4)
  An anaconda (shapeshifter) (Depths:4)
  6 rakshasas
  3 catoblepae
  8 merfolk aquamancers
  A death knight (Abyss:1)
  10 ironbound frosthearts
  9 boulder beetles
  2 ogre magi (Orc:2)
  3 jorogumos
  24 centaur warriors
  4 merfolk avatars
  Erica (Lair:2)
  8 deep troll shamans
  7 tengu warriors
  16 two-headed ogres
  13 death yaks
  11 thrashing horrors
  14 dancing weapons
  6 deep troll earth magi
  3 vampire magi
  A titan zombie (Vaults:1)
  Urug (Orc:1)
  A hell knight (Depths:4)
  A naga warrior (Abyss:2)
  9 spriggan berserkers
  3 spriggans
  3 sun demons
  4 skeletal warriors
  An orc high priest (Orc:1)
  2 shadow wraiths (Abyss:4)
  A storm dragon zombie (Depths:2)
  13 deep elf knights
  5 pharaoh ants
  10 wretched stars
  2 sixfirhies (Abyss:2)
  3 skysharks
  8 iron trolls
  A flayed ghost (Depths:1)
  2 goliath frogs (Lair:5)
  A storm dragon skeleton (Depths:2)
  11 orb spiders
  6 wizards
  50 deep trolls
  8 sea snakes
  An orange crystal statue (Zot:5)
  A sphinx zombie (Depths:2)
  5 steelbarb worms
  A tengu zombie (Depths:1)
  33 harpies
  A harpy (shapeshifter) (D:14)
  7 lindwurms
  5 glowing orange brains
  17 ironbound convokers
  8 orc knights
  6 necromancers
  A stone giant zombie (Depths:2)
  Pikel (D:4)
  A phantasmal warrior (Vaults:1)
  7 fauns (Shoals:1)
  30 deep elf pyromancers
  23 deep elf zephyrmancers
  16 deep elf archers
  2 fire giant zombies
  41 ugly things
  A tengu skeleton (Depths:2)
  An iron dragon skeleton (Depths:2)
  16 wolf spiders
  10 cyclopes
  A manticore (shapeshifter) (D:13)
  16 manticores
  14 moths of wrath
  4 worldbinders
  2 fire giant skeletons
  Maurice (Orc:1)
  A guardian serpent (Abyss:2)
  A rust devil (Abyss:1)
  13 vault sentinels
  5 smoke demons
  4 apocalypse crabs
  11 water nymphs
  2 black mambas
  8 demonic crawlers
  A frost giant skeleton (Depths:2)
  9 merfolk sirens
  24 cane toads
  A hellion (Abyss:2)
  A gargoyle (D:13)
  6 torpor snails
  A human zombie (Vaults:1)
  An unseen horror (shapeshifter) (Abyss:2)
  6 unseen horrors
  3 rime drakes
  A kobold demonologist (D:12)
  12 komodo dragons
  A komodo dragon (shapeshifter) (D:15)
  A rime drake (shapeshifter) (Abyss:4)
  2 efreet
  A freezing wraith (Vaults:1)
  16 yaktaurs
  4 tengu conjurers
  10 ancient zymes
  7 meliai
  A human skeleton (Vaults:1)
  21 merfolk
  21 trolls
  A hellwing (Abyss:2)
  A hornet (shapeshifter) (Abyss:2)
  2 tyrant leeches (Lair:5)
  A silent spectre (Abyss:4)
  7 hornets
  34 tarantellas
  32 blink frogs
  21 raiju
  7 snapping turtles
  6 wind drakes
  13 dream sheep
  Sigmund (D:6)
  28 jumping spiders
  35 slime creatures
  A jumping spider (shapeshifter) (D:14)
  6 ynoxinuls
  2 shadows (Abyss:2)
  16 culicivoras
  A vampire (Abyss:4)
  2 spriggan skeletons (Depths:1)
  39 yaks
  19 water elementals
  2 wyverns
  A fire bat (Abyss:2)
  4 steam dragons
  5 air elementals
  4 neqoxecs
  6 wraiths
  2 basilisks
  An ettin skeleton (Abyss:4)
  A golden eye (Slime:1)
  A golden eye (shapeshifter) (D:14)
  40 starcursed masses
  85 redbacks
  An elf skeleton (Vaults:1)
  A fire elemental (Elf:3)
  21 vampire mosquitoes
  10 chaos spawn
  Grum (D:10)
  3 nagas (Abyss:2)
  23 small abominations
  A swamp worm (shapeshifter) (Depths:4)
  Edmund (D:4)
  25 large abominations
  4 wargs
  13 water moccasins
  4 acid dragons
  Duvessa (D:4)
  2 floating eyes
  A black bear (Lair:1)
  22 orc warriors
  A sky beast (D:7)
  8 ice beasts
  24 wolves
  5 boggarts
  24 ogres
  24 centaurs
  2 phantoms (D:6)
  4 kobold brigands
  Blork the orc (D:5)
  20 bullfrogs
  4 scorpions
  3 gnoll sergeants
  2 earth elementals (Elf:1)
  A naga simulacrum (Abyss:2)
  12 wights
  Dowan (D:4)
  10 killer bees (D:10)
  2 howler monkeys
  A vampire bat (Lair:1)
  2 electric eels
  A crimson imp (Abyss:2)
  2 quasits
  4 hounds
  A gnoll bouda (D:9)
  7 orc priests
  2 iguanas
  3 jellies
  Jessica (D:3)
  17 orc wizards
  5 hell rats (Lair:5)
  21 gnolls
  8 adders
  4 shadow imps
  4 white imps
  6 ufetubi
  2 worms
  3 dart slugs
  74 orcs
  6 ball pythons
  11 bats
  7 endoplasms
  3 giant cockroaches
  5 goblins
  7 hobgoblins
  7 jackals (D:1)
  2 quokkas
  3 training dummies (Elf:3)
  3 frilled lizards
  16 kobolds
  6 rats
  3 lurking horrors
  14 starspawn tentacles
2183 creatures vanquished.

Vanquished Creatures (collateral kills)
  2 ettins (Depths:3)
  A fire dragon (Depths:3)
  A centaur warrior (Shoals:2)
  A death yak (Shoals:2)
  5 harpies (Shoals:2)
10 creatures vanquished.

Vanquished Creatures (others)
  A ghost moth (Zot:4)
  A death yak zombie (Shoals:2)
  An orc (D:10)
  2 lurking horrors
  14 starspawn tentacles
19 creatures vanquished.

Grand Total: 2212 creatures vanquished

Notes
Turn   | Place    | Note
-------+----------+-------------------------------------------
     0 | D:1      | KimchiStew the Gargoyle Hunter began the quest for the Orb.
     0 | D:1      | Reached XP level 1. HP: 12/12 MP: 1/1
    75 | D:1      | Reached XP level 2. HP: 14/17 MP: 2/2
   206 | D:1      | Identified a scroll of acquirement
   246 | D:1      | Found Vintio's Antique Armour Boutique.
   284 | D:1      | Reached XP level 3. HP: 21/22 MP: 3/3
   422 | D:1      | Acquired the ring "Cuqih" {MP+9 Slay+4}
  1312 | D:2      | Reached XP level 4. HP: 28/28 MP: 4/4
  1439 | D:2      | Found Heuwowo's Armour Emporium.
  1692 | D:3      | Learned a level 3 spell: Portal Projectile
  1765 | D:3      | Noticed Jessica
  1768 | D:3      | Killed Jessica
  1837 | D:3      | Reached XP level 5. HP: 33/33 MP: 5/5
  1871 | D:3      | Found a shimmering altar of Xom.
  2230 | D:3      | Reached skill level 5 in Fighting
  2324 | D:4      | Reached skill level 5 in Ranged Weapons
  2324 | D:4      | Reached XP level 6. HP: 40/40 MP: 6/6
  2380 | D:4      | Noticed Edmund
  2392 | D:4      | Found Quox's Distillery.
  2410 | D:4      | Noticed Dowan
  2413 | D:4      | Noticed Duvessa
  2493 | D:5      | Entered Level 5 of the Dungeon
  2662 | D:5      | Found a staircase to the Ecumenical Temple.
  2687 | Temple   | Entered the Ecumenical Temple
  2786 | D:5      | Noticed Blork the orc
  2887 | D:6      | Reached XP level 7. HP: 47/47 MP: 7/7
  2948 | D:6      | Found a shimmering blue altar of Sif Muna.
  3149 | D:6      | HP: 1/48 [orc warrior/+0 short sword (5)]
  3157 | D:6      | Reached XP level 8. HP: 13/54 MP: 8/8
  3549 | D:6      | Noticed Sigmund
  3563 | D:6      | Killed Sigmund
  3793 | D:6      | Found a transporter.
  3794 | D:6      | Noticed ThereIsNoGod's ghost (novice OpFi)
  3795 | D:6      | Found a transporter.
  3795 | D:6      | Identified the +12 great mace of Extinguishment {heavy,
                  | rPois}
  3795 | D:6      | Noticed a two-headed ogre
  3868 | D:6      | Found an opulent altar of Gozag.
  4437 | D:7      | Reached XP level 9. HP: 49/59 MP: 9/9
  4924 | D:7      | Reached skill level 10 in Ranged Weapons
  5064 | D:7      | Found a snail-covered altar of Cheibriados.
  5081 | D:7      | Became a worshipper of Cheibriados the Contemplative
  5303 | D:7      | Reached skill level 1 in Invocations
  5656 | D:4      | Killed Duvessa
  5665 | D:4      | Killed Dowan
  5874 | D:4      | Killed Edmund
  6104 | D:4      | Bought a potion of degeneration for 10 gold pieces
  6159 | D:4      | Noticed Pikel
  6709 | D:4      | Killed Pikel
  7039 | D:5      | Killed Blork the orc
  7243 | D:5      | Found a bloodstained altar of Trog.
  7243 | D:5      | Found a sacrificial altar of Ru.
  7333 | D:8      | Reached * piety under Cheibriados
  7348 | D:8      | Reached skill level 5 in Invocations
  7423 | D:8      | Reached XP level 10. HP: 64/64 MP: 13/13
  7432 | D:8      | Found a flagged portal.
  7452 | Bailey   | Entered a bailey
  8200 | Bailey   | Noticed an orc knight
  8200 | Bailey   | Noticed an orc knight
  8265 | Bailey   | Reached ** piety under Cheibriados
  8339 | Bailey   | Killed an orc knight
  8784 | Bailey   | Killed an orc knight
  9442 | D:8      | Reached skill level 10 in Fighting
  9445 | D:8      | Found a staircase to the Lair.
  9463 | D:8      | Reached *** piety under Cheibriados
  9525 | D:8      | Found an ancient bone altar of Kikubaaqudgha.
  9911 | D:9      | Noticed a two-headed ogre
  9914 | D:9      | Killed a two-headed ogre
  9915 | D:9      | Reached XP level 11. HP: 73/73 MP: 17/17
 10372 | D:9      | Found a staircase to the Orcish Mines.
 10384 | D:9      | Reached **** piety under Cheibriados
 11230 | D:9      | Noticed a two-headed ogre
 11247 | D:9      | Killed a two-headed ogre
 11663 | D:10     | Entered Level 10 of the Dungeon
 11663 | D:10     | Noticed Grum
 11682 | D:10     | Killed Grum
 11699 | D:10     | Reached ***** piety under Cheibriados
 12034 | D:10     | Noticed a two-headed ogre
 12036 | D:10     | Killed a two-headed ogre
 12037 | D:10     | Reached XP level 12. HP: 81/81 MP: 18/18
 12153 | D:10     | Reached skill level 15 in Ranged Weapons
 12814 | D:11     | Noticed a five-headed hydra
 12822 | D:11     | Killed a five-headed hydra
 13114 | Lair:1   | Entered Level 1 of the Lair of Beasts
 13321 | Lair:1   | Found a sparkling altar of Nemelex Xobeh.
 13334 | Lair:1   | Reached ****** piety under Cheibriados
 13676 | Lair:2   | Noticed a death yak
 13806 | Lair:2   | Noticed Erica
 13813 | Lair:2   | Killed Erica
 13814 | Lair:2   | Reached skill level 10 in Invocations
 13815 | Lair:2   | Reached XP level 13. HP: 86/86 MP: 20/20
 13988 | Lair:2   | Noticed Harold
 13992 | Lair:2   | Killed Harold
 14307 | Lair:2   | Got Gotiox's Omnibus of Invitation and Transformation
 14441 | Lair:2   | Learned a level 5 spell: Yara's Violent Unravelling
 14489 | Lair:2   | Noticed Gastronok
 14501 | Lair:2   | Killed Gastronok
 14824 | Lair:3   | Found a staircase to the Shoals.
 15008 | Lair:3   | Found an ancient bone altar of Kikubaaqudgha.
 15233 | Lair:3   | Gained mutation: Your large and strong wings let you fly.
                  | [Gargoyle growth]
 15233 | Lair:3   | Reached XP level 14. HP: 74/92 MP: 23/23
 15443 | Lair:3   | Found a hole to the Spider Nest.
 15835 | Lair:4   | Identified the +3 ring mail of the Harvest Moon {rCorr
                  | Int+2}
 16468 | Lair:5   | Entered Level 5 of the Lair of Beasts
 16706 | Lair:5   | Reached skill level 1 in Armour
 16740 | Lair:5   | Reached skill level 2 in Armour
 16763 | Lair:5   | Learned a level 5 spell: Borgnjor's Vile Clutch
 16764 | Lair:5   | Found a staircase to the Slime Pits.
 16820 | Lair:5   | Reached skill level 3 in Armour
 16854 | Lair:5   | Identified the +8 trident of Yredelemnul's Delight {freeze,
                  | rCorr Str+3 Dex-5}
 16966 | Lair:5   | Identified the +5 mace "Fehedgh" {venom, *Noise rF+ Str+4}
 17140 | Lair:5   | Reached skill level 15 in Fighting
 17496 | Orc:1    | Entered Level 1 of the Orcish Mines
 17535 | Orc:1    | Noticed Maurice
 17541 | Orc:1    | Reached skill level 1 in Necromancy
 17541 | Orc:1    | Reached skill level 1 in Earth Magic
 17545 | Orc:1    | Killed Maurice
 17549 | Orc:1    | Reached skill level 1 in Spellcasting
 17677 | Orc:2    | Entered Level 2 of the Orcish Mines
 17767 | Orc:2    | Found a staircase to the Elven Halls.
 17920 | Orc:1    | Reached XP level 15. HP: 103/103 MP: 24/24
 17994 | Orc:1    | Noticed Urug
 17998 | Orc:1    | Killed Urug
 18295 | Orc:2    | Found Heane's Antique Weapon Shop.
 18406 | Orc:2    | Found Faobodgh's Magic Scroll Shoppe.
 18515 | Orc:2    | Found Moziluul's Book Emporium.
 18522 | Orc:2    | Found Soomeimn's Book Shop.
 18527 | Orc:2    | Bought a scroll of blinking for 105 gold pieces
 18527 | Orc:2    | Bought a scroll of enchant armour for 105 gold pieces
 18527 | Orc:2    | Bought a scroll of vulnerability for 56 gold pieces
 18536 | Orc:2    | Found Plog's Antique Armour Shoppe.
 18545 | Orc:2    | Bought a pair of runed gloves for 247 gold pieces
 18999 | D:12     | Reached skill level 5 in Necromancy
 19003 | D:12     | Reached skill level 5 in Earth Magic
 19391 | D:12     | Identified the amulet of Truth {Spirit rF+ MP+9 Int+2
                  | Dex-2}
 19534 | D:12     | Noticed Nessos
 19540 | D:12     | Killed Nessos
 19794 | D:13     | Reached skill level 5 in Spellcasting
 19818 | D:13     | Found a gate leading to a gauntlet.
 19838 | Gauntlet | Entered a Gauntlet
 19838 | Gauntlet | Found a transporter.
 19852 | Gauntlet | Found a transporter.
 19862 | Gauntlet | Found a transporter.
 19867 | Gauntlet | Found a transporter.
 19882 | Gauntlet | Found a transporter.
 19901 | Gauntlet | Found a transporter.
 19903 | Gauntlet | Found the +3 greatsling "Punk" {acid, rCorr}
 19913 | Gauntlet | Found a transporter.
 19925 | Gauntlet | Found a transporter.
 19933 | Gauntlet | Found a large runed translucent door.
 19934 | Gauntlet | Found a large runed translucent door.
 19935 | Gauntlet | Found a large runed translucent door.
 19935 | Gauntlet | Found a large runed translucent door.
 19936 | Gauntlet | Found a runed translucent gate.
 19937 | Gauntlet | Found a transporter.
 19937 | Gauntlet | Found a runed translucent gate.
 19938 | Gauntlet | Found a runed translucent gate.
 19939 | Gauntlet | Found a large runed translucent door.
 19939 | Gauntlet | Found a large runed translucent door.
 19940 | Gauntlet | Found a large runed translucent door.
 19941 | Gauntlet | Found a large runed translucent door.
 19949 | Gauntlet | Found a transporter.
 19966 | Gauntlet | Found a transporter.
 19980 | Gauntlet | Found a large runed translucent door.
 19981 | Gauntlet | Found a large runed translucent door.
 19982 | Gauntlet | Found a large runed translucent door.
 19982 | Gauntlet | Found a large runed translucent door.
 19983 | Gauntlet | Found a runed translucent door.
 19984 | Gauntlet | Found a transporter.
 19985 | Gauntlet | Found a runed translucent door.
 19986 | Gauntlet | Found a transporter.
 19986 | Gauntlet | Found a large runed translucent door.
 19986 | Gauntlet | Found a large runed translucent door.
 19987 | Gauntlet | Found a large runed translucent door.
 20013 | Gauntlet | Found a transporter.
 20033 | Gauntlet | Found a transporter.
 20111 | Gauntlet | Found a transporter.
 20145 | Gauntlet | Found a large runed translucent door.
 20149 | Gauntlet | Found a transporter.
 20230 | Gauntlet | Found a transporter.
 20239 | Gauntlet | Gained mutation: You do not regenerate when monsters are
                  | visible. [a neqoxec]
 20241 | Gauntlet | Gained mutation: You occasionally lose the ability to read
                  | scrolls when taking damage. [a neqoxec]
 20244 | Gauntlet | Lost mutation: You occasionally lose the ability to read
                  | scrolls when taking damage. [potion of mutation]
 20244 | Gauntlet | Lost mutation: You do not regenerate when monsters are
                  | visible. [potion of mutation]
 20244 | Gauntlet | Gained mutation: Your muscles are strong. (Str +4, Int/Dex
                  | -1) [potion of mutation]
 20244 | Gauntlet | Gained mutation: You passively dampen the noise of your
                  | surroundings. [potion of mutation]
 20519 | Gauntlet | Reached XP level 16. HP: 99/108 MP: 25/25
 21736 | D:14     | Found a gate to the Vaults.
 21829 | D:14     | Identified the +0 rapier of the Insatiable Bones {pain,
                  | rPois MP+9 Str-2 Stlth+}
 22173 | D:14     | Found a runed translucent gate.
 22173 | D:14     | Found a runed translucent gate.
 22173 | D:14     | Found a runed translucent gate.
 22309 | D:14     | You are sucked into a shaft and drop 1 floor!
 22309 | D:15     | Entered Level 15 of the Dungeon
 22549 | D:15     | Found Tyomud's Antique Armour Emporium.
 22565 | D:15     | Bought a crude robe for 136 gold pieces
 22565 | D:15     | Identified the +1 robe "Coeryl" {rCorr} (You bought it in a
                  | shop on level 15 of the Dungeon)
 22587 | D:15     | Reached skill level 10 in Earth Magic
 22702 | D:15     | Learned a level 3 spell: Dazzling Flash
 22803 | D:15     | Found a staircase to the Depths.
 23239 | Shoals:1 | Entered Level 1 of the Shoals
 23251 | Shoals:1 | Reached skill level 1 in Conjurations
 23254 | Shoals:1 | Reached skill level 1 in Hexes
 23281 | Shoals:1 | Reached XP level 17. HP: 97/113 MP: 5/29
 23582 | Shoals:1 | Noticed Donald
 23595 | Shoals:1 | Killed Donald
 23852 | Shoals:1 | Noticed Nikola
 23877 | Shoals:1 | Killed Nikola
 24554 | Shoals:2 | Noticed Ilsuiw
 24554 | Shoals:2 | Learned a level 4 spell: Animate Dead
 24570 | Shoals:2 | Killed Ilsuiw
 24695 | Shoals:2 | Noticed Aizul
 24705 | Shoals:2 | Killed Aizul
 24716 | Shoals:2 | Noticed Polyphemus
 24733 | Shoals:2 | Killed Polyphemus
 25393 | Shoals:3 | Reached skill level 10 in Spellcasting
 25566 | Shoals:3 | Noticed Jorgrun
 25580 | Shoals:3 | Killed Jorgrun
 25668 | Shoals:3 | Reached skill level 5 in Conjurations
 26300 | Shoals:4 | Entered Level 4 of the Shoals
 26741 | Shoals:4 | Reached skill level 5 in Hexes
 26826 | Shoals:4 | Reached XP level 18. HP: 119/119 MP: 32/32
 26921 | Shoals:4 | Got a barnacled rune of Zot
 27355 | Shoals:4 | Reached skill level 10 in Necromancy
 27516 | Shoals:4 | Got Zaihug's Precepts of Stony Curses
 27966 | Spider:1 | Entered Level 1 of the Spider Nest
 28083 | Spider:1 | Noticed Louise
 28090 | Spider:1 | Killed Louise
 28290 | Spider:1 | Reached skill level 1 in Translocations
 28292 | Spider:1 | Reached skill level 1 in Transmutations
 29905 | Spider:2 | Reached XP level 19. HP: 125/125 MP: 33/33
 29968 | Spider:3 | Noticed funkygono's ghost (adept MiFi)
 29968 | Spider:3 | Found a runed translucent door.
 29997 | Spider:3 | Killed funkygono's ghost
 30302 | Spider:3 | Learned a level 2 spell: Blink
 30585 | Spider:3 | Reached skill level 5 in Translocations
 30890 | Spider:4 | Entered Level 4 of the Spider Nest
 30921 | Spider:4 | Identified the +7 short sword of the Demonic God {spect,
                  | rPois rCorr Dex+5 Stlth+}
 31068 | Spider:4 | Reached skill level 5 in Transmutations
 31707 | Spider:4 | Identified the +0 pair of boots of the Hanged Man {Regen+}
 31818 | Spider:4 | Got a gossamer rune of Zot
 32661 | Vaults:1 | Entered Level 1 of the Vaults
 33209 | Vaults:1 | Reached XP level 20. HP: 137/137 MP: 34/34
 33274 | Vaults:1 | Found Hosom's Magic Scroll Shop.
 33294 | Vaults:1 | Bought a scroll of immolation for 48 gold pieces
 33294 | Vaults:1 | Bought a scroll of fear for 48 gold pieces
 33294 | Vaults:1 | Bought a scroll of summoning for 114 gold pieces
 33294 | Vaults:1 | Bought a scroll of fog for 48 gold pieces
 33294 | Vaults:1 | Bought a scroll of teleportation for 36 gold pieces
 33294 | Vaults:1 | Bought a scroll of summoning for 114 gold pieces
 33551 | Vaults:1 | Identified the +2 robe of Free Expression {+Blink}
 33599 | Vaults:1 | Noticed Saint Roka
 33626 | Vaults:1 | Killed Saint Roka
 34221 | Vaults:1 | Reached skill level 15 in Invocations
 35547 | Vaults:2 | Reached skill level 1 in Evocations
 36317 | Vaults:3 | Noticed Asterion
 36325 | Vaults:3 | Killed Asterion
 36340 | Vaults:3 | Found a runed translucent door.
 36340 | Vaults:3 | Noticed Inony's ghost (master FoHu)
 36529 | Vaults:3 | Reached skill level 5 in Evocations
 36648 | Vaults:3 | Reached XP level 21. HP: 127/146 MP: 31/35
 37187 | Vaults:3 | Found a staircase to the Crypt.
 37187 | Vaults:3 | Found an ancient bone altar of Kikubaaqudgha.
 37188 | Vaults:3 | Found a basalt altar of Yredelemnul.
 38199 | Vaults:4 | Reached skill level 10 in Evocations
 38492 | Vaults:4 | Noticed Mennas
 38528 | Vaults:4 | Killed Mennas
 39508 | Vaults:4 | Noticed Xtahua
 39521 | Vaults:4 | Paralysed by Xtahua for 4 turns
 39532 | Vaults:4 | Killed Xtahua
 40115 | Elf:1    | Entered Level 1 of the Elven Halls
 40208 | Elf:1    | You are sucked into a shaft and drop 1 floor!
 40244 | Elf:2    | Found Wumeety's Antique Armour Boutique.
 40253 | Elf:2    | Bought a shiny helmet for 202 gold pieces
 40289 | Elf:2    | Paralysed by an air elemental for 1 turns
 40304 | Elf:2    | Reached XP level 22. HP: 128/152 MP: 31/36
 40414 | Elf:2    | Found a huge runed translucent gate.
 40415 | Elf:2    | Found a huge runed translucent gate.
 40416 | Elf:2    | Found a huge runed translucent gate.
 40417 | Elf:2    | Found a huge runed translucent gate.
 40417 | Elf:2    | Found a huge runed translucent gate.
 40459 | Elf:2    | Paralysed by an air elemental for 1 turns
 40594 | Elf:2    | Found Aviuroro's Antique Armour Boutique.
 40599 | Elf:2    | Paralysed by an air elemental for 1 turns
 41077 | Elf:1    | Learned a level 3 spell: Inner Flame
 41283 | Elf:1    | Found a runed translucent gate.
 41284 | Elf:1    | Found a runed translucent gate.
 41285 | Elf:1    | Found a runed translucent gate.
 41287 | Elf:1    | Noticed Qax Ubo's ghost (adept DsEn)
 41708 | Elf:1    | Found a viscous altar of Jiyva.
 41735 | Elf:3    | Entered Level 3 of the Elven Halls
 42032 | Elf:3    | Found Saluud's Firing Range.
 42279 | Elf:3    | Reached skill level 10 in Hexes
 42282 | Elf:3    | Reached skill level 1 in Shields
 42773 | Elf:3    | Reached skill level 5 in Shields
 42871 | Elf:3    | Identified the +5 dagger "Kolyleap" {elec, rC- Str+5}
 42883 | Elf:3    | Identified the staff of earth "Geerr" {rPois rC+ Str+4}
 42888 | Elf:3    | Identified the staff of cold "Dasirofar" {Fragile rElec
                  | rPois rC+ Str+6}
 42892 | Elf:3    | Identified the amulet "Fettus Mey" {Reflect Int+4 SH+5
                  | Stlth-}
 42903 | Elf:3    | Identified the staff of cold "Orisugi" {rC+ Str+4}
 43019 | Elf:3    | Identified the +6 hand axe "Liceov Otapp" {antimagic, Fly
                  | rPois Will++ rCorr Stlth-}
 43418 | Depths:1 | Entered Level 1 of the Depths
 43432 | Depths:1 | Found Epeka's Jewellery Emporium.
 43498 | Depths:1 | Found Neczef's Armour Shoppe.
 43524 | Depths:1 | Bought the +0 pair of gloves "Xull" {rF++ rC+ Str-5} for
                  | 433 gold pieces
 43618 | Depths:1 | Found a flickering gateway to a bazaar.
 43637 | Bazaar   | Entered a bazaar
 43637 | Bazaar   | Found Fixzeth's Book Boutique.
 43637 | Bazaar   | Found Rypnesh's Book Shop.
 43637 | Bazaar   | Found Vuedevi's Jewellery Shop.
 43637 | Bazaar   | Found Otof's Jewellery Boutique.
 43654 | Bazaar   | Bought the ring "Urussaff" {+Blink rCorr Int+3 SInv} for
                  | 756 gold pieces
 43680 | Depths:1 | Found a gateway to Hell.
 43787 | Depths:1 | You are sucked into a shaft and drop 1 floor!
 43953 | Depths:2 | Reached XP level 23. HP: 120/156 MP: 28/37
 43957 | Depths:2 | Reached skill level 10 in Shields
 44447 | Depths:1 | Found a hazy altar of Hepliaklqana.
 45364 | Depths:2 | Found a one-way gate leading to the halls of Pandemonium.
 45369 | Depths:2 | Found a portal to a secret trove of treasure.
 46091 | Depths:2 | Found a sacrificial altar of Ru.
 46264 | Depths:2 | Found a one-way gateway to a ziggurat.
 46877 | Depths:3 | Noticed a golden dragon
 46900 | Depths:3 | Killed a golden dragon
 46901 | Depths:3 | Reached skill level 4 in Armour
 46963 | Depths:3 | Reached skill level 5 in Armour
 46991 | Depths:3 | Reached skill level 6 in Armour
 47215 | Depths:3 | Reached skill level 7 in Armour
 47394 | Depths:3 | Found a one-way gate to the infinite horrors of the Abyss.
 47402 | Depths:3 | Reached skill level 8 in Armour
 47561 | Depths:3 | Voluntarily entered the Abyss.
 47627 | Abyss:1  | Found a corrupted altar of Lugonu.
 47725 | Abyss:1  | Reached XP level 24. HP: 163/163 MP: 37/37
 47790 | Abyss:1  | Reached skill level 9 in Armour
 47984 | Abyss:2  | Found a corrupted altar of Lugonu.
 48160 | Abyss:2  | Reached skill level 10 in Armour
 48437 | Abyss:2  | Reached skill level 11 in Armour
 48767 | Abyss:2  | Reached skill level 12 in Armour
 48870 | Abyss:2  | Found a corrupted altar of Lugonu.
 49163 | Abyss:2  | Reached skill level 13 in Armour
 49321 | Abyss:2  | Found a candlelit altar of Ignis.
 49428 | Abyss:3  | Found a runed translucent door.
 49467 | Abyss:3  | Found a corrupted altar of Lugonu.
 49708 | Abyss:3  | Reached skill level 14 in Armour
 49741 | Abyss:3  | Noticed a dread lich
 49748 | Abyss:3  | Killed a dread lich
 49910 | Abyss:4  | Reached skill level 15 in Armour
 49940 | Abyss:4  | Paralysed by a floating eye for 3 turns
 49951 | Abyss:4  | Got an abyssal rune of Zot
 50335 | Depths:3 | Escaped the Abyss
 50414 | Depths:2 | You showed the abyssal rune of Zot to enter a treasure
                  | trove
 50415 | Trove    | Entered a treasure trove
 50420 | Trove    | Found the amulet of Vitality {RegenMP++ Regen++}
 50422 | Trove    | Identified the +8 plate armour of Painted Knowledge {Regen+
                  | Int+2 Dex-3}
 50442 | Trove    | Identified the amulet "Sadeat" {Faith -Tele rPois Int+2}
 50445 | Trove    | Identified the +2 hand crossbow "Nofidig" {heavy, Fly Will+
                  | Str-3}
 50451 | Trove    | Identified the ring of Xecae {EV+5 Dex+3}
 50455 | Trove    | Got the Compendium of Ill-starred Coordinates
 50564 | Depths:3 | Reached skill level 16 in Armour
 50899 | Depths:3 | Found the +1 cloak of Starlight {*Dazzle EV+4 Stlth--}
 50937 | Depths:3 | Reached XP level 25. HP: 168/168 MP: 37/37
 51248 | Depths:3 | Identified the +5 great mace "Durr" {speed, rC+ rCorr
                  | Str+5}
 51249 | Depths:3 | Identified the +0 robe of the Demon Prince {+Blink Dex-2
                  | Archmagi}
 51315 | Depths:3 | Reached skill level 17 in Armour
 51411 | Depths:4 | Entered Level 4 of the Depths
 51419 | Depths:4 | Noticed a juggernaut
 51428 | Depths:4 | Killed a juggernaut
 51563 | Depths:4 | Found a runed translucent door.
 51646 | Depths:4 | Reached skill level 18 in Armour
 51709 | Depths:4 | Found a gate to the Realm of Zot.
 51759 | Depths:4 | Identified the +3 mace "Iclomefu" {vamp, rPois}
 51880 | Depths:4 | Noticed a juggernaut
 51891 | Depths:4 | Killed a juggernaut
 52124 | Depths:4 | Found a runed translucent gate.
 52125 | Depths:4 | Found a runed translucent gate.
 52125 | Depths:4 | Found a runed translucent gate.
 52127 | Depths:4 | Noticed Ruem's ghost (journeyman MiBe)
 52208 | Depths:4 | Reached skill level 19 in Armour
 52214 | Depths:4 | Identified the staff of conjuration "Xeuq" {rN+ Will+}
 52220 | Depths:4 | Identified the +1 chain mail of the Beginning {Harm +Inv
                  | rF-}
 52328 | Depths:4 | Identified the +1 steam dragon scales of Action {rF+++
                  | Str-2 Stlth+}
 52329 | Depths:4 | Identified the staff of conjuration "Doheisesirch" {+Blink
                  | rN+}
 52334 | Depths:4 | Identified the +0 gold dragon scales "Bostriaq" {rPois rF+
                  | rC+ Int+3}
 52767 | Slime:1  | Entered Level 1 of the Pits of Slime
 53463 | Zot:1    | Entered Level 1 of the Realm of Zot
 53494 | Zot:1    | Identified the +5 demon blade of Linearity {freeze, rPois
                  | Will- Str+4 Int+2 Dex+4}
 53580 | Zot:4    | Reached skill level 20 in Armour
 53879 | Zot:5    | Entered Level 5 of the Realm of Zot
 54191 | Zot:5    | Reached skill level 21 in Armour
 54465 | Zot:5    | Noticed a Killer Klown
 54475 | Zot:5    | Killed a Killer Klown
 54549 | Zot:5    | Noticed a dread lich
 54561 | Zot:5    | Killed a dread lich
 54562 | Zot:5    | Reached XP level 26. HP: 145/174 MP: 37/37
 54779 | Zot:5    | Reached skill level 22 in Armour
 54931 | Zot:5    | Noticed a Killer Klown
 54931 | Zot:5    | Noticed a dread lich
 54931 | Zot:5    | Noticed a Killer Klown
 54931 | Zot:5    | Noticed an orb of fire
 54937 | Zot:5    | Noticed an orb of fire
 54940 | Zot:5    | Gained mutation: Your body sometimes deteriorates upon
                  | taking damage. [you]
 54942 | Zot:5    | Gained mutation: You have hidden genetic defects. [you]
 54947 | Zot:5    | Killed a dread lich
 55321 | Zot:5    | Gained mutation: Your magical capacity is low. (-10% MP)
                  | [an orb of fire]
 55325 | Zot:5    | Gained mutation: You occasionally shout uncontrollably at
                  | your foes. [an orb of fire]
 55330 | Zot:5    | Gained mutation: You are dopey. (Int -2) [an orb of fire]
 55331 | Zot:5    | Gained mutation: Your body often deteriorates upon taking
                  | damage. [an orb of fire]
 55335 | Zot:5    | Gained mutation: You occasionally lose the ability to read
                  | scrolls when taking damage. [an orb of fire]
 55336 | Zot:5    | Killed an orb of fire
 55341 | Zot:5    | Lost mutation: You occasionally shout uncontrollably at
                  | your foes. [potion of mutation]
 55341 | Zot:5    | Lost mutation: You occasionally lose the ability to read
                  | scrolls when taking damage. [potion of mutation]
 55341 | Zot:5    | Lost mutation: You passively dampen the noise of your
                  | surroundings. [potion of mutation]
 55341 | Zot:5    | Gained mutation: Your natural rate of healing is unusually
                  | fast. [potion of mutation]
 55341 | Zot:5    | Gained mutation: You expend magic power (3 MP) to
                  | strengthen your wands. [potion of mutation]
 55349 | Zot:5    | Killed a Killer Klown
 55378 | Zot:5    | Gained mutation: You are clumsy. (Dex -2) [an orb of fire]
 55382 | Zot:5    | Lost mutation: Your natural rate of healing is unusually
                  | fast. [an orb of fire]
 55383 | Zot:5    | Killed an orb of fire
 55442 | Zot:5    | Reached skill level 23 in Armour
 55468 | Zot:5    | Gained mutation: You are occasionally teleported next to
                  | monsters. [hidden defects]
 55470 | Zot:5    | Lost mutation: You are dopey. (Int -2) [potion of mutation]
 55470 | Zot:5    | Lost mutation: Your muscles are strong. (Str +4, Int/Dex
                  | -1) [potion of mutation]
 55471 | Zot:5    | Lost mutation: You are occasionally teleported next to
                  | monsters. [potion of mutation]
 55471 | Zot:5    | Lost mutation: Your body often deteriorates upon taking
                  | damage. [potion of mutation]
 55471 | Zot:5    | Lost mutation: You expend magic power (3 MP) to strengthen
                  | your wands. [potion of mutation]
 55471 | Zot:5    | Gained mutation: You have a somewhat thin skeletal
                  | structure. (Dex +2, Stealth+) [potion of mutation]
 55471 | Zot:5    | Gained mutation: You are covered in fur. (AC +1) [potion of
                  | mutation]
 55521 | Zot:5    | Noticed an ancient lich
 55521 | Zot:5    | Noticed an ancient lich
 55522 | Zot:5    | Noticed an orb of fire
 55522 | Zot:5    | Noticed an orb of fire
 55522 | Zot:5    | Gained mutation: You sometimes lose your temper in combat.
                  | [an orb of fire]
 55522 | Zot:5    | Gained mutation: You are occasionally teleported next to
                  | monsters. [an orb of fire]
 55528 | Zot:5    | Noticed a Killer Klown
 55528 | Zot:5    | Noticed an orb of fire
 55529 | Zot:5    | Noticed an orb of fire
 55530 | Zot:5    | Gained mutation: You have an uncontrollable temper. [an orb
                  | of fire]
 55576 | Zot:5    | Noticed an ancient lich
 55590 | Zot:5    | Killed an ancient lich
 55722 | Zot:5    | Killed a Killer Klown
 55734 | Zot:5    | Gained mutation: You are frail. (-10% HP) [an orb of fire]
 55736 | Zot:5    | Gained mutation: You are dopey. (Int -2) [an orb of fire]
 55753 | Zot:5    | Killed an orb of fire
 55756 | Zot:5    | Lost mutation: Your magical capacity is low. (-10% MP)
                  | [potion of mutation]
 55756 | Zot:5    | Lost mutation: You are occasionally teleported next to
                  | monsters. [potion of mutation]
 55756 | Zot:5    | Lost mutation: You have an uncontrollable temper. [potion
                  | of mutation]
 55757 | Zot:5    | Lost mutation: You have a somewhat thin skeletal structure.
                  | (Dex +2, Stealth+) [potion of mutation]
 55757 | Zot:5    | Lost mutation: You are covered in fur. (AC +1) [potion of
                  | mutation]
 55757 | Zot:5    | Lost mutation: You are dopey. (Int -2) [potion of mutation]
 55757 | Zot:5    | Lost mutation: You are clumsy. (Dex -2) [potion of
                  | mutation]
 55757 | Zot:5    | Gained mutation: You have sharp fingernails. [potion of
                  | mutation]
 55757 | Zot:5    | Gained mutation: You have a pair of small antennae on your
                  | head. [potion of mutation]
 55758 | Zot:5    | Lost mutation: You are frail. (-10% HP) [potion of
                  | mutation]
 55758 | Zot:5    | Lost mutation: You have sharp fingernails. [potion of
                  | mutation]
 55758 | Zot:5    | Lost mutation: Your body sometimes deteriorates upon taking
                  | damage. [potion of mutation]
 55758 | Zot:5    | Gained mutation: You passively dampen the noise of your
                  | surroundings. [potion of mutation]
 55758 | Zot:5    | Gained mutation: You occasionally lose the ability to read
                  | scrolls when taking damage. [an orb of fire]
 55759 | Zot:5    | Lost mutation: You passively dampen the noise of your
                  | surroundings. [potion of mutation]
 55759 | Zot:5    | Lost mutation: You sometimes lose your temper in combat.
                  | [potion of mutation]
 55759 | Zot:5    | Lost mutation: You have a pair of small antennae on your
                  | head. [potion of mutation]
 55759 | Zot:5    | Gained mutation: You are robust. (+10% HP) [potion of
                  | mutation]
 55763 | Zot:5    | Lost mutation: You are robust. (+10% HP) [an orb of fire]
 55765 | Zot:5    | Gained mutation: Your body sometimes deteriorates upon
                  | taking damage. [an orb of fire]
 55768 | Zot:5    | Gained mutation: You are frail. (-10% HP) [an orb of fire]
 55770 | Zot:5    | Gained mutation: You have terrible hidden genetic defects.
                  | [an orb of fire]
 55776 | Zot:5    | Killed an orb of fire
 55782 | Zot:5    | Noticed an orb of fire
 55790 | Zot:5    | Gained mutation: Your movements are slightly less
                  | encumbered by armour. (ER -2) [an orb of fire]
 55797 | Zot:5    | Gained mutation: Your spells are a little easier to cast,
                  | but a little less powerful. [an orb of fire]
 55802 | Zot:5    | Gained mutation: You are dopey. (Int -2) [an orb of fire]
 55807 | Zot:5    | Gained mutation: You are clumsy. (Dex -2) [an orb of fire]
 55808 | Zot:5    | Gained mutation: You are very frail. (-20% HP) [an orb of
                  | fire]
 55811 | Zot:5    | Killed an orb of fire
 55842 | Zot:5    | Reached skill level 24 in Armour
 55863 | Zot:5    | Killed from afar by an ancient lich

Illustrated notes

Levels and vault maps discovered:
D:1:      lordsloth_arrival_two_stooges, layout_loops_cross, serial_shops, shop,
          minmay_box_of_dots
D:2:      layout_loops_ring, serial_shops, shop, kennysheep_generic_room_2
D:3:      layout_loops_ring, lemuel_crystal_altar, corexii_shack, uniq_jessica
D:4:      layout_gridville, serial_shops, nicolae_shop_industrial_runoff,
          hangedman_decor_lopped, columned_hall_lemuel, uniq_duvessa,
          uniq_edmund, uniq_pikel
D:5:      layout_cave_pools, gammafunk_temple_overflow_pools,
          minmay_temple_entry_overgrown, uniq_blork_the_orc
D:6:      layout_loops_cross, nicolae_gozag_cash_rules_everything_around_me,
          mainiacjoe_overflow_boulevard, gammafunk_ghost_smash, uniq_sigmund
D:7:      layout_basic, cheibrodos_worm_habitat
D:8:      layout_gridville, kiku_gazebo_pond_becter, hellmonk_lair_entry_icy,
          enter_bailey_6
D:9:      minmay_skewed_foursquare, layout_stronghold, grunt_ministairs_15,
          minmay_puff
D:10:     layout_irregular_city, hangedman_decor_clover_reticule, uniq_grum
D:11:     layout_long_grid
D:12:     minmay_the_grid_octo_2x2 [minmay_the_grid_octo_vomiting_pacman,
          minmay_the_grid_octo_77, minmay_the_grid_octo_chip,
          minmay_the_grid_octo_prize_big_c], layout_basic, uniq_nessos
D:13:     layout_basic, gauntlet_entry_generic, minmay_fractal_squares_gapless_5
D:14:     minmay_polygon_palace, layout_rooms, david_vaults_2,
          ploomutoo_gammafunk_ghost_potion_laboratory,
          nicolae_concentric_dashed_squares_mild
D:15:     grunt_enter_depths_giant_problem, layout_basic, skrybe_limestone_x,
          serial_shops, shop
Temple:   hellmonk_temple_two_chambers
Lair:1:   layout_misc_corridors, basic_altar, roderic_batcave,
          grunt_megastairs_4
Lair:2:   layout_loops_ring, nicolae_lair_grazing_beasts
          [nicolae_sub_lair_graze_edge, nicolae_sub_lair_graze_edge,
          nicolae_sub_lair_graze_edge, nicolae_sub_lair_graze_edge],
          infiniplex_staircase_pool, uniq_harold, uniq_erica, uniq_gastronok
Lair:3:   layout_cave_pods, nicolae_shoals_entry_roost, spider_nest_entry_a,
          basic_altar, st_stairs_5
Lair:4:   layout_regular_city
Lair:5:   minmay_lair_end_frog_pond, layout_regular_city,
          minmay_slime_entry_pillars, serial_bayou_pond_d, serial_bayou_crossing
Shoals:1: layout_shoals, nicolae_shoals_land_atoll,
          nicolae_shoals_nymph_descending_staircase, uniq_nikola, uniq_donald
Shoals:2: layout_shoals, nicolae_shoals_hunting_party, uniq_ilsuiw,
          uniq_polyphemus, uniq_aizul
Shoals:3: layout_shoals, uniq_jorgrun
Shoals:4: shoals_end_hangedman, layout_shoals, nicolae_shoals_water_shrine
Spider:1: layout_spider_delve, uniq_louise
Spider:2: nicolae_spider_hilbert_zone_7 [nicolae_spider_hilbert_4_sides_1_open,
          nicolae_spider_hilbert_4_sides_1_open,
          nicolae_spider_hilbert_4_sides_1_open,
          nicolae_spider_hilbert_4_sides_1_open,
          nicolae_spider_hilbert_3_sides_1_open,
          nicolae_spider_hilbert_3_sides_1_open,
          nicolae_spider_hilbert_3_sides_1_open,
          nicolae_spider_hilbert_3_sides_1_open,
          nicolae_spider_hilbert_4_sides_1_open,
          nicolae_spider_hilbert_4_sides_1_open,
          nicolae_spider_hilbert_4_sides_1_open,
          nicolae_spider_hilbert_2_sides_1_open,
          nicolae_spider_hilbert_2_sides_1_open,
          nicolae_spider_hilbert_2_sides_1_open,
          nicolae_spider_hilbert_2_sides_1_open,
          nicolae_spider_hilbert_2_sides_1_open,
          nicolae_spider_hilbert_2_sides_1_open],
          nicolae_spider_baby_got_redback
Spider:3: layout_spider_delve, hellmonk_ghost_happy_afterlife,
          guppyfry_hornet_nest
Spider:4: guppyfry_spider_rune
Slime:1:  layout_caves
Orc:1:    layout_caves, bh_open_orc_temple, uniq_maurice, uniq_urug
Orc:2:    st_orc_open, layout_diamond_mine, serial_shops, shop
Elf:1:    layout_geoelf_octagon, gammafunk_ghost_ooze, hangedman_elf_disciples
Elf:2:    elven_hall_of_blades_hangedman_alternative
          [nicolae_blade_entry_diamond_columns], layout_rooms, serial_shops,
          nicolae_shop_just_a_little_nook, minmay_shop_star
Elf:3:    elf_hall_gauntlet_wide, layout_gridlike, minivault_5,
          nicolae_shop_firing_range
Vaults:1: nicolae_vaults_trapezoid_lopsided_2, vaults_standard_mumra_lines,
          nicolae_vaults_angled_halls, nicolae_vaults_octothorpe,
          nicolae_vaults_big_ls, vaults_room_grid, ontoclasm_vaults_idyll,
          nicolae_vaults_network_quinsquares
          [nicolae_vaults_network_quincunx_subvault,
          nicolae_vaults_network_quincunx_subvault,
          nicolae_vaults_network_quincunx_subvault,
          nicolae_vaults_network_quincunx_subvault], v_misc_26,
          nicolae_vaults_sesquioval_fish, dpeg_vaults_pockets_of_resistance,
          ontoclasm_vaults_eye, layout_vaults_maze_bifur, serial_shops, shop,
          uniq_saint_roka
Vaults:2: hangedman_vaults_pinch, v_misc_26, v_misc_4,
          nicolae_vaults_network_square, v_rooms_2, v_misc_22,
          vaults_mumra_hexcomb, layout_vaults_omnigrid
Vaults:3: ebering_ghost_inner_flame, minmay_crypt_entry_necro_gods,
          dpeg_vaults_monster_row, nicolae_vaults_three_branches,
          nicolae_vaults_spaceships, hangedman_vaults_river_flow,
          v_alt_pattern_5, ontoclasm_vaults_ring_small,
          nicolae_vaults_heart-shaped_vault, ontoclasm_vaults_bender,
          nicolae_vaults_enemy_cabinets, vaults_dpeg_hooks,
          nicolae_vaults_offset_grid_hallway_1, layout_vaults_big_cross,
          uniq_asterion
Vaults:4: nicolae_vaults_house_1, nicolae_vaults_what_the_h,
          nicolae_vaults_stairing_the_circle, nicolae_vaults_closet_pinwheel_1,
          vaults_mumra_minichess, nicolae_vaults_tangram_2,
          nicolae_vaults_storage_closets_2, nicolae_vaults_house_3,
          nicolae_vaults_twisting_passages, nicolae_vaults_specimen_jars,
          nicolae_vaults_diamond_2, layout_vaults_ring, uniq_mennas, uniq_xtahua
Depths:1: layout_cave_pools, serial_shops, bzr_entry_safe, shop, shop,
          serial_bayou_pond_b, pf_vacation_house_of_asmodeus,
          nzn_hepliaklqana_mist_gate
Depths:2: dreamdust_hydra_shepherd, layout_cave_pools, enter_ziggurat_b,
          nicolae_trove_entry_columns, nicolae_ru_the_path_less_chosen,
          hangedman_coc_ice_floe, pan_entry, grunt_ministairs_6
Depths:3: grunt_double_whammy, layout_cave_pools, kennysheep_decorative_pillar,
          minmay_room_of_horrors, hell_entry, hellmonk_guarded_unrand_starlight
Depths:4: grunt_zot_entry_tricorne, layout_twisted_cross,
          ebering_ghost_rock_garden, lightli_too_deep, kennysheep_treasure_room
Zot:1:    layout_onion_interference, grunt_megastairs_3
Zot:2:    layout_twisted_circle
Zot:3:    layout_twisted_circle, st_stairs_10
Zot:4:    layout_basic, evilmike_ambush [evilmike_ambush_outer_pillars,
          evilmike_ambush_inner_basic]
Zot:5:    layout_basic

Skill      XL: |  1  2  3  4  5  6  7  8  9 10 11 12 13 14 15 16 17 18 19 20 21 22 23 24 25 26 |
---------------+-------------------------------------------------------------------------------+-----
Stealth        | 2 3 |  3.0
Fighting       | 3 4 5 6 8 10 12 15 16 18 20 | 20.0
Ranged Weapons | 5 6 9 11 12 14 16 18 20 | 20.1
Invocations    | 5 8 10 12 14 15 | 15.0
Armour         | 3 8 16 21 24 | 24.0
Dodging        | 3 |  3.0
Necromancy     | 1 7 8 9 10 | 10.0
Earth Magic    | 1 7 10 12 | 12.0
Spellcasting   | 1 5 8 10 | 10.0
Conjurations   | 2 6 |  6.0
Hexes          | 2 5 8 10 | 10.0
Translocations | 4 6 |  6.0
Transmutations | 3 6 8 |  8.0
Evocations     | 5 12 14 | 14.0
Shields        | 9 14 | 14.8

Action                     |  1- 3 |  4- 6 |  7- 9 | 10-12 | 13-15 | 16-18 | 19-21 | 22-24 | 25-27 || total
---------------------------+-------+-------+-------+-------+-------+-------+-------+-------+-------++-------
  Melee: Dagger            |       |    15 |    45 |       |       |       |       |       |       ||    60
         Shortbow          |       |       |     1 |       |       |       |       |       |       ||     1
         Longbow           |       |       |       |       |       |       |       |       |     7 ||     7
   Fire: Shortbow          |    89 |   111 |   222 |    17 |       |       |       |       |       ||   439
         Arbalest          |       |       |       |   139 |       |       |       |       |       ||   139
         Longbow           |       |       |       |   353 |   816 |  1131 |  1374 |  1934 |   905 ||  6513
   Cast: Borgnjor's Vile C |       |       |       |       |       |    19 |    51 |    52 |    28 ||   150
         Portal Projectile |       |       |       |       |       |     2 |     2 |     1 |       ||     5
         Animate Dead      |       |       |       |       |       |     1 |       |       |       ||     1
         Dazzling Flash    |       |       |       |       |       |    14 |     8 |     9 |       ||    31
         Yara's Violent Un |       |       |       |       |       |       |     3 |    19 |     3 ||    25
         Inner Flame       |       |       |       |       |       |       |       |     2 |       ||     2
         Blink             |       |       |       |       |       |       |       |     1 |       ||     1
 Invoke: Slouch            |       |       |       |       |     4 |    16 |    11 |    14 |    17 ||    62
         Temporal Distorti |       |       |       |       |       |       |     3 |     5 |     1 ||     9
         Bend Time         |       |       |       |       |       |       |       |       |     1 ||     1
  Evoke: Wand              |       |       |     2 |     3 |     2 |       |     2 |     4 |    11 ||    24
         Condenser vane    |       |       |       |       |       |     2 |     1 |     1 |     3 ||     7
         Lightning rod     |       |       |       |       |       |     1 |     8 |       |       ||     9
         Phantom mirror    |       |       |       |       |       |       |     3 |       |     1 ||     4
    Use: Scroll            |     4 |     5 |     4 |    17 |    12 |     7 |     5 |     6 |     8 ||    68
         Potion            |       |       |     6 |     8 |     2 |     1 |     5 |       |    12 ||    34
 Armour: Leather armour    |    17 |       |       |       |       |       |       |       |       ||    17
         Skin              |     3 |       |     6 |     1 |     1 |       |       |       |       ||    11
         Robe              |     1 |    26 |    35 |    55 |       |       |       |    33 |       ||   150
         Troll leather arm |       |       |       |    46 |    69 |   261 |   463 |   509 |       ||  1348
         Plate armour      |       |       |       |       |       |       |       |    64 |   507 ||   571
         Steam dragon scal |       |       |       |       |       |       |       |       |    46 ||    46
  Dodge: Dodged            |    41 |    44 |    83 |   149 |   132 |   342 |   444 |   511 |   346 ||  2092

Table legend: (Time is in decaauts)
 A = Elapsed time spent in this place.
 B = Non-inter-level travel time spent in this place.
 C = Inter-level travel time spent in this place.
 D = Time resting spent in this place.
 E = Time spent auto-exploring this place.
 F = Levels seen in this place.
 G = Mean time per level.
                   A        B        C        D        E       F      G
               +--------+--------+--------+--------+--------+-----+--------+
         Total |  81191 |  72651 |   8540 |  11684 |  45521 |  56 | 1449.8 |
       Dungeon |  22738 |  18571 |   4167 |   3350 |  11857 |  15 | 1515.9 |
        Temple |     17 |     17 |      0 |      0 |      0 |   1 |   17.0 |
          Lair |   8185 |   7036 |   1149 |    483 |   5613 |   5 | 1637.0 |
        Shoals |   7251 |   6942 |    309 |    800 |   4878 |   4 | 1812.8 |
   Spider Nest |   6405 |   6053 |    352 |    928 |   4008 |   4 | 1601.2 |
    Slime Pits |     29 |     29 |      0 |      0 |      0 |   1 |   29.0 |
  Orcish Mines |   2366 |   1904 |    462 |      0 |   1434 |   2 | 1183.0 |
   Elven Halls |   5011 |   4569 |    442 |    539 |   2937 |   3 | 1670.3 |
        Vaults |  11206 |  10216 |    990 |   1709 |   7332 |   4 | 2801.5 |
        Depths |   8023 |   7359 |    664 |   1365 |   4016 |   4 | 2005.8 |
           Zot |   2797 |   2797 |      0 |   1126 |    508 |   5 |  559.4 |
         Abyss |   3991 |   3991 |      0 |    362 |   2261 |   4 |  997.8 |
        Bazaar |     36 |     36 |      0 |      0 |      0 |   1 |   36.0 |
         Trove |     96 |     96 |      0 |      0 |      0 |   1 |   96.0 |
        Bailey |   1843 |   1843 |      0 |    927 |    104 |   1 | 1843.0 |
      Gauntlet |   1189 |   1189 |      0 |     91 |    570 |   1 | 1189.0 |
               +--------+--------+--------+--------+--------+-----+--------+

Top non-repeatable levels by time:
     D:9: 3332 daAuts
Vaults:4: 2841 daAuts
Vaults:3: 2834 daAuts
Vaults:2: 2817 daAuts
Vaults:1: 2712 daAuts
   Elf:3: 2387 daAuts
Depths:3: 2387 daAuts
   Zot:5: 2338 daAuts
Depths:2: 2316 daAuts
Shoals:4: 2263 daAuts
 Abyss:2: 2261 daAuts
    D:13: 1963 daAuts
Spider:2: 1949 daAuts
Spider:4: 1922 daAuts
  Lair:2: 1903 daAuts
